 Dungeon Crawl Stone Soup version 0.23.0-3-gf3c87f2 (webtiles) character file.

Game seed: 3834946887990681352

29 Borgoz the Sneak (level 3, 0/28 HPs)
             Began as a Ghoul Enchanter on Feb 25, 2019.
             Slain by an adder (2 damage)
             ... on level 2 of the Dungeon.
             The game lasted 00:03:06 (1256 turns).

Borgoz the Sneak (Ghoul Enchanter)                  Turns: 1256, Time: 00:03:07

Health: 0/28       AC:  6    Str:  9 (11) XL:     3   Next: 16%
Magic:  4/4        EV: 11    Int:  8 (10) God:
Gold:   54         SH:  0    Dex:  9 (10) Spells: 4/5 levels left

rFire    + . .     SeeInvis .     - Unarmed
rCold    + . .     Gourm    .   (no shield)
rNeg     + + +     Faith    .   o - +2 leather armour {MR+}
rPois    ∞         Spirit   .   m - +0 helmet
rElec    .         Reflect  .   (no cloak)
rCorr    .         Harm     .   (no gloves)
MR       +....                  (no boots)
Stlth    ++........             (no amulet)
HPRegen  0.00/turn              i - ring of protection from fire
MPRegen  0.09/turn              (no ring)

@: rotting
A: rotting body, claws 1, carnivore, cold resistance 1, negative energy
resistance 3, inhibited regeneration, torment resistance, unbreathing
a: no special abilities


You were on level 2 of the Dungeon.
You were not hungry.

You visited 1 branch of the dungeon, and saw 2 of its levels.

You collected 54 gold pieces.

Inventory:

Armour
 m - a +0 helmet (worn)
 o - a +2 leather armour of magic resistance (worn)
Jewellery
 i - a ring of protection from fire (left claw)
Scrolls
 b - a scroll of fear {unknown}
 e - a scroll of amnesia {unknown}
 g - a scroll of teleportation {unknown}
 j - a scroll of remove curse {unknown}
 k - 2 scrolls of identify {unknown}
 n - 3 scrolls of magic mapping {unknown}
Potions
 c - 2 potions of degeneration
 h - a potion of invisibility {unknown}
 l - a potion of berserk rage
Comestibles
 d - 3 rations


   Skills:
 + Level 1.2 Fighting
   Level 0.8 Short Blades
 + Level 2.2 Dodging
 - Level 3.2 Stealth
 + Level 1.2 Unarmed Combat
 - Level 1.7 Spellcasting
 + Level 2.7 Hexes


You had 4 spell levels left.
You knew the following spells:

 Your Spells              Type           Power        Failure   Level  Hunger
a - Corona                Hex            #......      17%         1    ##.....

Your spell library contained the following spells:

 Spells                   Type           Power        Failure   Level  Hunger
 Ensorcelled Hibernation  Hex/Ice        #.....       41%         2    ###....
 Confuse                  Hex            #.......     45%         3    ####...
 Tukima's Dance           Hex            #.......     45%         3    ####...
 Dazzling Spray           Conj/Hex       #.....       65%         3    ####...


Dungeon Overview and Level Annotations

Branches:
Dungeon (2/15)

Altars:


Innate Abilities, Weirdness & Mutations

Your body is rotting away.
You thrive on raw meat.
You are immune to poison.
You have sharp fingernails.
You are carnivorous and can eat meat at any time.
Your flesh is cold resistant. (rC+)
You are immune to negative energy. (rN+++)
You do not regenerate when monsters are visible.
You are immune to unholy pain and torment.
You can survive without breathing.


Message History

You barely miss the adder.
The adder is heavily wounded.
The adder misses you.
You barely miss the adder.
The adder is heavily wounded.
The adder bites you but does no damage.
You barely miss the adder.
The adder is heavily wounded.
The adder barely misses you. The adder bites you.
* * * LOW HITPOINT WARNING * * *
It was a potion of degeneration.
There was something very wrong with that liquid.
You feel weakened.
You feel dopey.
You feel clumsy. The adder bites you but does no damage.
It was a potion of berserk rage.
You cannot raise a blood rage in your lifeless body.
The adder bites you but does no damage.
It was a potion of magic.
Magic courses through your body. The adder barely misses you.
The adder bites you.
You die...

.............#
.............#.#
########.#####.# #†K#
#.# ###########.## #.#
#...........w# #.#
#............###.#
#............S##.#
#...........#h##@#
#...........#..#S######
#...........+..wh.......
#.........(.##.#.#######
#...........+....#
#.........()##...#
............###..#
............# #..#
..........[.####.#


You could see an adder, a dart slug and a jackal.

Vanquished Creatures
  A leopard gecko (D:2)
  2 ball pythons (D:1)
  5 bats
  3 goblins (D:1)
  A hobgoblin (D:2)
  8 jackals
  4 frilled lizards (D:1)
  A rat (D:1)
25 creatures vanquished.

Notes
Turn   | Place    | Note
-------+----------+-------------------------------------------
     0 | D:1      | Borgoz the Ghoul Enchanter began the quest for the Orb.
     0 | D:1      | Reached XP level 1. HP: 14/14 MP: 2/2
   365 | D:1      | Reached XP level 2. HP: 19/21 MP: 0/3
   657 | D:1      | Reached skill level 1 in Fighting
   732 | D:1      | Reached skill level 1 in Unarmed Combat
  1205 | D:2      | Reached XP level 3. HP: 27/28 MP: 1/4
  1256 | D:2      | Slain by an adder

Skill      XL: |  1  2 |
---------------+-------+-----
Dodging        | 2 |  2.2
Fighting       | 1 |  1.2
Unarmed Combat | 1 |  1.2
Short Blades   | |  0.8
Stealth        | |  3.2
Spellcasting   | |  1.7
Hexes          | |  2.7

Action                   || total
-------------------------++-------
Melee: Unarmed           ||   114
 Cast: Corona            ||    22
  Use: Potion            ||     3
 Stab: Sleeping          ||     1
  Eat: Chunk             ||    10
Armor: Robe              ||    21
       Leather armour    ||    29
Dodge: Dodged            ||   116
